 Dungeon Crawl Stone Soup version 0.28-a0-8-g6e044cfa68 (webtiles) character file.

Game seed: 1212107953389269343

674 robertstho the Covered (level 7, -21/93 HPs)
             Began as a Minotaur Berserker on July 23, 2021.
             Was a Priest of Trog.
             Demolished by a two-headed ogre (25 damage)
             ... on level 6 of the Dungeon.
             The game lasted 00:04:58 (4547 turns).

robertstho the Covered (Minotaur Berserker)         Turns: 4547, Time: 00:04:59

Health: -21/93     AC: 14    Str: 23    XL:     7   Next: 33%
Magic:  6/6        EV:  5    Int:  5    God:    Trog [***...]
Gold:   210        SH: 14    Dex:  9    Spells: 6/6 levels left

rFire   . . .      SeeInvis .   r - +0 war axe
rCold   . . .      Faith    .   i - +0 kite shield
rNeg    . . .      Spirit   .   e - +0 plate armour
rPois   +          Reflect  +   (helmet restricted)
rElec   .          Harm     .   (no cloak)
rCorr   .          Rampage  .   (no gloves)
Will    .....                   c - +0 pair of boots
Stlth   ..........              m - amulet of reflection
HPRegen 0.25/turn               q - ring of poison resistance
MPRegen 0.10/turn               (no ring)

@: berserking, very quick
A: horns 2, retaliatory headbutt
a: Renounce Religion, Berserk, Trog's Hand


You were on level 6 of the Dungeon.
You worshipped Trog.
Trog was most pleased with you.
You visited 1 branch of the dungeon, and saw 6 of its levels.

You collected 210 gold pieces.

Inventory:

Hand Weapons
 r - a +0 war axe (weapon)
Armour
 c - a +0 pair of boots (worn)
 e - a +0 plate armour (worn)
 i - a +0 kite shield (worn)
Jewellery
 m - an amulet of reflection (around neck)
 q - a ring of poison resistance (left hand)
Scrolls
 j - a scroll of immolation
 n - a scroll of teleportation
 p - a scroll of enchant weapon
Potions
 b - 4 potions of heal wounds
 d - a potion of degeneration {unknown}
 f - a potion of brilliance {unknown}
 g - a potion of curing {unknown}
 h - 2 potions of berserk rage {unknown}
 o - a potion of attraction {unknown}


   Skills:
 * Level 5.9 Fighting
 + Level 5.8 Axes
 * Level 6.5 Armour
 + Level 2.3 Dodging
 + Level 0.2 Stealth
 + Level 2.9 Shields


You had 6 spell levels left.
You didn't know any spells.
Your spell library was empty.

Dungeon Overview and Level Annotations

Branches:
Dungeon (6/15)
 Temple: D:4-7

Altars:
Ashenzari
Fedhas
Nemelex Xobeh
Ru
Trog
The Shining One


Innate Abilities, Weirdness & Mutations

You have a pair of horns on your head.
You reflexively headbutt those who attack you in melee.


Message History

The two-headed ogre is heavily wounded.
You block the two-headed ogre's attack.
The two-headed ogre hits you with a +0 giant club!
You hit the two-headed ogre but do no damage.
The two-headed ogre is heavily wounded.
You block the two-headed ogre's attack.
The two-headed ogre completely misses you.
The two-headed ogre barely misses you.
The two-headed ogre hits you with a +0 giant club!
You are too injured to fight recklessly!
You are too injured to fight recklessly!
You are too injured to fight recklessly!
You are too injured to fight recklessly!
You are too injured to fight recklessly!
You are too injured to fight recklessly!
You are too injured to fight recklessly!
You are too injured to fight recklessly!
You are too injured to fight recklessly!
A red film seems to cover your vision as you go berserk!
You feel yourself moving faster!
You feel mighty!
You hit the two-headed ogre. You headbutt the two-headed ogre.
The two-headed ogre is heavily wounded.
The two-headed ogre hits you but does no damage.
The two-headed ogre hits you with a +0 giant club.
You barely miss the two-headed ogre.
The two-headed ogre is heavily wounded.
The two-headed ogre barely misses you. You furiously retaliate!
You headbutt the two-headed ogre!
The two-headed ogre hits you with a +0 giant club!
* * * LOW HITPOINT WARNING * * *
You slash the two-headed ogre! You headbutt the two-headed ogre.
The two-headed ogre is severely wounded.
The two-headed ogre hits you with a +0 giant club!
* * * LOW HITPOINT WARNING * * *
The two-headed ogre hits you with a +0 giant club!
* * * LOW HITPOINT WARNING * * *
You hit the two-headed ogre. You headbutt the two-headed ogre.
The two-headed ogre is almost dead.
The two-headed ogre hits you with a +0 giant club!!
You die...

##...##
.....
..... ...
..[ #O#
#O# #@#
#.# #.#
#.# #.#
#######.#
.......<#
#########


You could see 2 two-headed ogres.

Vanquished Creatures
  A sky beast (D:5)
  An ogre (D:4)
  A black bear (D:5)
  A phantom (D:5)
  A scorpion (D:4)
  A jelly (D:5)
  2 scorpion zombies (D:5)
  A hound zombie (D:5)
  6 adders
  4 gnolls (D:2)
  A worm (D:2)
  A dart slug (D:3)
  4 orcs
  3 endoplasms
  5 giant cockroaches
  7 hobgoblins
  9 jackals
  6 kobolds
  4 quokkas
  2 ball pythons
  9 bats
  6 frilled lizards
  7 goblins
  6 rats
89 creatures vanquished.

Notes
Turn   | Place    | Note
-------+----------+-------------------------------------------
     0 | D:1      | robertstho the Minotaur Berserker began the quest for the
                  | Orb.
     0 | D:1      | Reached XP level 1. HP: 19/19 MP: 0/0
    88 | D:1      | Found a faded altar of an unknown god.
    98 | D:1      | Reached XP level 2. HP: 21/27 MP: 1/1
   360 | D:1      | Reached ** piety under Trog
   702 | D:2      | Reached XP level 3. HP: 34/34 MP: 2/2
  1001 | D:2      | Reached skill level 3 in Armour
  1006 | D:2      | Reached XP level 4. HP: 24/41 MP: 3/3
  1287 | D:2      | Reached skill level 4 in Armour
  2259 | D:3      | Found a broken altar of Ashenzari.
  2261 | D:3      | Found a blossoming altar of Fedhas.
  2262 | D:3      | Found a sacrificial altar of Ru.
  2265 | D:3      | Found a bloodstained altar of Trog.
  2266 | D:3      | Found a sparkling altar of Nemelex Xobeh.
  2266 | D:3      | Found a glowing golden altar of the Shining One.
  2678 | D:4      | Noticed a scorpion
  2685 | D:4      | Killed a scorpion
  2686 | D:4      | Reached skill level 5 in Fighting
  2686 | D:4      | Reached XP level 5. HP: 30/48 MP: 4/4
  2910 | D:4      | Reached *** piety under Trog
  2911 | D:4      | Reached skill level 5 in Armour
  3182 | D:4      | Noticed an ogre
  3190 | D:4      | Killed an ogre
  3191 | D:4      | Reached skill level 5 in Axes
  3191 | D:4      | Reached skill level 1 in Shields
  3191 | D:4      | Reached XP level 6. HP: 46/56 MP: 5/5
  3437 | D:5      | Entered Level 5 of the Dungeon
  3870 | D:5      | Reached skill level 6 in Armour
  3941 | D:5      | Noticed a sky beast
  3950 | D:5      | Killed a sky beast
  3951 | D:5      | Reached XP level 7. HP: 62/62 MP: 6/6
  4112 | D:5      | Identified the +5 dagger of Yesterday {freeze, rElec rC-
                  | Str+8}
  4535 | D:6      | Noticed a two-headed ogre
  4537 | D:6      | Noticed a two-headed ogre
  4546 | D:6      | HP: 4/93 [two-headed ogre (7)]
  4547 | D:6      | Demolished by a two-headed ogre

Illustrated notes

Levels and vault maps discovered:
D:1:      minmay_arrival_radiant_lines, layout_rooms,
          shapermc_ecumenical_altar_mp_highgroup
D:2:      layout_loops_corners, minmay_randomly_rotated_circles
D:3:      layout_loops_ring, grunt_temple_overflow_open
D:4:      layout_cave_pools
D:5:      layout_loops_cross, bh_walls_and_bars
D:6:      minmay_angry_zag, layout_loops_ring,
          minmay_temple_entry_statues_fountains, serial_shops,
          nicolae_shop_crystal, kennysheep_generic_room_11, uniq_maggie

Skill      XL: |  1  2  3  4  5  6 |
---------------+-------------------+-----
Fighting       | 4 5 |  5.9
Axes           | 4 5 |  5.8
Armour         | 3 4 5 6 |  6.5
Shields        | 1 2 |  2.9
Dodging        | |  2.3
Stealth        | |  0.2

Action                   |  1- 3 |  4- 6 |  7- 9 || total
-------------------------+-------+-------+-------++-------
Melee: Hand axe          |    93 |   192 |    21 ||   306
       Headbutt          |    11 |    21 |     6 ||    38
       War axe           |       |       |     8 ||     8
Invok: Berserk           |     2 |     2 |     1 ||     5
  Use: Scroll            |       |     3 |     4 ||     7
Armor: Animal skin       |     8 |       |       ||     8
       Plate armour      |    36 |   151 |    15 ||   202
Dodge: Dodged            |    35 |    51 |    12 ||    98
Block: Kite shield       |       |    79 |    22 ||   101

Table legend: (Time is in decaauts)
 A = Elapsed time spent in this place.
 B = Non-inter-level travel time spent in this place.
 C = Inter-level travel time spent in this place.
 D = Time resting spent in this place.
 E = Time spent auto-exploring this place.
 F = Levels seen in this place.
 G = Mean time per level.
                   A        B        C        D        E       F      G
               +--------+--------+--------+--------+--------+-----+--------+
         Total |   4662 |   4475 |    187 |    133 |   3627 |   6 |  777.0 |
       Dungeon |   4662 |   4475 |    187 |    133 |   3627 |   6 |  777.0 |
               +--------+--------+--------+--------+--------+-----+--------+

Top non-repeatable levels by time:
     D:2: 1340 daAuts
     D:5: 1136 daAuts
     D:4: 783 daAuts
     D:1: 700 daAuts
     D:3: 681 daAuts
     D:6: 20 daAuts
